 Dungeon Crawl Stone Soup version 0.25-a0-737-g26c3a87c45 (webtiles) character file.

Game seed: 4547482142829936413, levelgen mode: deterministic

884 Maedhros the Covert (level 8, -3/48 HPs)
             Began as an Octopode Artificer on Apr 12, 2020.
             Slain by a wight
             ... wielding a cursed +0 spear
              (10 damage)
             ... on level 6 of the Dungeon.
             The game lasted 00:05:11 (3515 turns).

Maedhros the Covert (Octopode Artificer)            Turns: 3515, Time: 00:05:12

Health: -3/48      AC:  1    Str: 12    XL:     8   Next: 5%
Magic:  10/10      EV: 13    Int: 13    God:
Gold:   137        SH:  0    Dex: 14    Spells: 7/7 levels left

rFire    . . .     SeeInvis .   e - +2 hand axe (vorpal)
rCold    . . .     Gourm    .   (no shield)
rNeg     . . .     Faith    .   (helmet restricted)
rPois    +         Spirit   .   (no amulet)
rElec    .         Reflect  .   k - ring of poison resistance
rCorr    .         Harm     .   (no ring)
MR       .....                  (no ring)
Stlth    +++++.....             (no ring)
HPRegen  0.16/turn              (no ring)
MPRegen  0.12/turn              (no ring)
                                (no ring)
                                (no ring)

@: heavily drained
A: almost no armour, stealthy swim, amphibious, 8 rings, constrict 8, camouflage
1, gelatinous body 1
a: no special abilities


You were on level 6 of the Dungeon.
You were not hungry.

You visited 1 branch of the dungeon, and saw 6 of its levels.
You also visited: Sewer.

You collected 137 gold pieces.

Inventory:

Hand Weapons
 a - a +0 short sword
 e - a +2 vorpal hand axe (weapon)
Missiles
 i - 8 poisoned darts (quivered)
Jewellery
 k - a ring of poison resistance (left tentacle)
Wands
 b - a wand of flame (6)
 c - a wand of enslavement (10)
 d - a wand of random effects (12)
Scrolls
 g - 2 scrolls of identify {unknown}
 m - 3 scrolls of remove curse {unknown}
 n - a scroll of amnesia {unknown}
 t - a scroll of teleportation
 u - a scroll of blinking {unknown}
Potions
 h - a potion of lignification {unknown}
 j - 2 potions of haste
 l - a potion of might {unknown}
 o - a potion of degeneration {unknown}
 p - a potion of berserk rage {unknown}
 q - 2 potions of brilliance {unknown}
 r - a potion of flight {unknown}
 s - a potion of heal wounds {unknown}
Comestibles
 f - 7 rations


   Skills:
 - Level 1.0(0.0) Fighting
 - Level 1.0(0.0) Short Blades
 - Level 2.0(0.9) Dodging
 + Level 9.0(7.7) Stealth
 + Level 6.1(4.9) Unarmed Combat
 - Level 3.2(2.1) Evocations


You had 7 spell levels left.
You didn't know any spells.
Your spell library contained the following spells:

 Spells                   Type           Power        Failure   Level  Hunger
 Corona                   Hex            #......      30%         1    ##.....
 Ensorcelled Hibernation  Hex/Ice        #.....       43%         2    ###....
 Confusing Touch          Hex            #.......     67%         3    ####...
 Dazzling Flash           Conj/Hex       #.....       67%         3    ####...
 Tukima's Dance           Hex            #.......     67%         3    ####...


Dungeon Overview and Level Annotations

Branches:
Dungeon (6/15)              Sewer (visited)
 Temple: D:4-7

Altars:
Elyvilon
Xom


Innate Abilities, Weirdness & Mutations

You cannot wear most types of armour.
You are very stealthy in the water. (Stealth+)
You are amphibious.
You can wear up to eight rings at the same time.
You can use your tentacles to constrict eight enemies at once.
Your skin changes colour to match your surroundings (Stealth+).
Your rubbery body absorbs attacks. (AC +1, EV +1)


Message History

The wight is almost destroyed.
You constrict the wight. The wight closely misses you. x2
You hit the wight but do no damage. You grab the wight. You hit the wight.
You destroy the wight!
Your base Stealth skill increases to level 9!
You constrict the wight.
The wight hits you from afar with a cursed +0 spear!
You feel drained.
* * * LOW HITPOINT WARNING * * *
The wight hits you with a +0 dire flail.
* * * LOW HITPOINT WARNING * * *
You feel drained.
Evoke which item? (* to show all) (? for menu, Esc to quit)
Aiming: Enslavement
Press: ? - help, Shift-Dir - straight line, f - wight
Aim: a wight, wielding a +0 spear and wearing a +0 robe (chance to defeat MR: 51%)
The wight resists with significant effort.
You constrict the wight.
The wight hits you from afar with a cursed +0 spear!
You die...

.# ..####
##.....
#......
......##
.....######
#.#......#
#..<@....#
####z)......
##zs.....
(......
...z.[.
.......
..##... .##
...


You could see a scorpion and 3 wights.

Vanquished Creatures
  A black bear (D:5)
  A phantom (D:5)
  An ogre (D:4)
  2 centaurs (D:5)
  A wight (D:6)
  A howler monkey (D:4)
  A jelly (D:5)
  A crimson imp (D:4)
  A hound (D:4)
  2 orc priests
  A bullfrog skeleton (D:4)
  A centaur skeleton (D:4)
  A worker ant (D:5)
  A hound skeleton (D:5)
  A hound zombie (D:5)
  6 adders
  A howler monkey skeleton (D:4)
  An adder skeleton (D:5)
  2 worms
  4 leopard geckos (D:3)
  5 orcs
  5 goblins
  3 jackals (Sewer)
  14 kobolds
  6 ball pythons
  4 frilled lizards
  A giant cockroach zombie (D:5)
  A leopard gecko skeleton (D:5)
  A leopard gecko zombie (D:5)
  A rat (D:3)
  5 plants (Sewer)
77 creatures vanquished.

Vanquished Creatures (collateral kills)
  A leopard gecko (D:4)
  An orc (D:4)
  A giant cockroach (D:3)
3 creatures vanquished.

Vanquished Creatures (others)
  An orc priest (D:4)
1 creature vanquished.

Grand Total: 81 creatures vanquished

Notes
Turn   | Place    | Note
-------+----------+-------------------------------------------
     0 | D:1      | Maedhros the Octopode Artificer began the quest for the
                  | Orb.
     0 | D:1      | Reached XP level 1. HP: 13/13 MP: 3/3
   106 | D:2      | Reached skill level 2 in Stealth
   110 | D:2      | Reached skill level 1 in Unarmed Combat
   110 | D:2      | Reached XP level 2. HP: 10/18 MP: 4/4
   208 | D:3      | Found a glowing drain.
   295 | Sewer    | Entered a sewer
   303 | Sewer    | Reached skill level 3 in Stealth
   333 | Sewer    | Reached XP level 3. HP: 13/23 MP: 5/5
  1268 | D:4      | Reached skill level 4 in Stealth
  1268 | D:4      | Reached XP level 4. HP: 16/28 MP: 6/6
  1320 | D:4      | Reached XP level 5. HP: 6/33 MP: 7/7
  1450 | D:4      | Reached skill level 5 in Stealth
  1688 | D:4      | Found a white marble altar of Elyvilon.
  1884 | D:4      | Noticed an ogre
  1890 | D:4      | Killed an ogre
  1890 | D:4      | Reached skill level 6 in Stealth
  1890 | D:4      | Reached XP level 6. HP: 12/38 MP: 8/8
  2086 | D:4      | Found a shimmering altar of Xom.
  2278 | D:4      | Noticed a phantom
  2308 | D:5      | Entered Level 5 of the Dungeon
  2404 | D:5      | Noticed a phantom
  2467 | D:5      | Reached skill level 7 in Stealth
  2467 | D:5      | Reached XP level 7. HP: 14/43 MP: 9/9
  2474 | D:5      | Reached skill level 5 in Unarmed Combat
  2775 | D:5      | Reached skill level 8 in Stealth
  3319 | D:5      | Reached XP level 8. HP: 23/48 MP: 10/10
  3514 | D:6      | Reached skill level 9 in Stealth
  3515 | D:6      | Slain by a wight

Levels and vault maps discovered:
D:1:      dpeg_arrival_three_same_balls, layout_basic, serial_corexii_hall,
          corexii_hall_statues_x, corexii_hall_statues_t,
          chequers_hall_statues_y, corexii_hall_statues_i,
          corexii_hall_statues_l, chequers_hall_statues_corner_a
D:2:      layout_basic, st_stairs_7
D:3:      layout_basic, portal_sewer_entry_f
D:4:      layout_basic, overflow_temple_1_default, led_sif_pool, first_ration,
          minmay_crystal_water, elyvilon_altar_5
D:5:      layout_basic
D:6:      layout_rooms, grunt_temple_overflow_open, minmay_temple_entry_wispy,
          basic_altar, uniq_crazy_yiuf_cottage

Skill      XL: |  1  2  3  4  5  6  7  8 |
---------------+-------------------------+-----
Stealth        | 2 3 4 6 7 8 9 |  9.0
Unarmed Combat | 1 2 3 4 6 |  6.1
Fighting       | |  1.0
Short Blades   | |  1.0
Dodging        | |  2.0
Evocations     | |  3.2

Action                   |  1- 3 |  4- 6 |  7- 9 || total
-------------------------+-------+-------+-------++-------
Melee: Short sword       |   185 |    36 |     2 ||   223
       Constrict         |    28 |     8 |    10 ||    46
       Tentacles         |    45 |     7 |    12 ||    64
       Punch             |     6 |     1 |     3 ||    10
       Hand axe          |       |       |    43 ||    43
Evoke: Wand              |     2 |    14 |     6 ||    22
  Use: Potion            |       |     3 |       ||     3
       Scroll            |       |     1 |       ||     1
 Stab: Distracted        |     2 |       |     1 ||     3
       Sleeping          |     5 |     3 |     5 ||    13
       Paralysed         |       |     1 |       ||     1
  Eat: Chunk             |       |     5 |     1 ||     6
       Ration            |       |       |     1 ||     1
Armor: Skin              |     6 |     3 |     4 ||    13
Dodge: Dodged            |    43 |    47 |    30 ||   120

Table legend:
 A = Non-vault XP
 B = Vault XP
 C = Vault XP percentage of total XP
 D = Non-vault monster count
 E = Vault monster count
 F = Vault count percentage of total count
                 A         B        C        D         E       F
            +---------+---------+-------+---------+---------+-------
      Total |    1209 |      55 |   4.4 |      48 |      27 |  36.0
            +---------+---------+-------+---------+---------+-------
        D:1 |       5 |       0 |   0.0 |       3 |       0 |   0.0
        D:2 |       6 |       0 |   0.0 |       3 |       0 |   0.0
        D:3 |      10 |      13 |  56.5 |       5 |       5 |  50.0
        D:4 |     456 |       0 |   0.0 |      18 |       0 |   0.0
        D:5 |     675 |       0 |   0.0 |      18 |       0 |   0.0
        D:6 |      57 |       0 |   0.0 |       1 |       0 |   0.0
      Sewer |       0 |      42 | 100.0 |       0 |      22 | 100.0
            +---------+---------+-------+---------+---------+-------
